AoeStats
← Caramiiel

Arabian Desert

508642462Analyzed
1v1 RM · 9d ago on Sep 23, 2026· 26m 1s· 2 players
Game mode
Random Map
Map size
Tiny (2 player)
Population
200
Speed
Normal
Resources
Standard
Victory
Conquest
Starting age
Dark Age
Ending age
Imperial Age
RankedLock teamsTeams togetherTeam positionsShared explorationLock speedFull tech treeHidden civsTurbo modeCheats
Victory
Defeat
🇫🇷 Goths · France
957
+15
🇪🇪 Saxons · Estonia
925
-15
ordulops007
9:49 Feudal Age
12:48 Loom
16:24 Fletching
20:12 Castle Age
Caramiiel
3:29 Loom
15:06 Feudal Age
17:10 Forging
18:05 Wheelbarrow
17:18 Double-Bit Axe
18:56 Bloodlines
19:14 Scale Barding Armor
24:37 Castle Age
27:16 Iron Casting
Connection lost

Rejoining the realm…

Still unreachable

The connection could not be restored.

Session expired

The server has moved on; the page needs a fresh start.